 Dungeon Crawl Stone Soup version 0.27.1-34-g3ba077fa99 (webtiles) character file.

Game seed: 7195144990763758741

25705 LLlMATKO the Fighter (level 12, -18/113 HPs)
             Began as a Minotaur Berserker on Jan 9, 2022.
             Was a High Priest of Trog.
             Killed from afar by a blizzard demon (28 damage)
             ... with a bolt of lightning
             ... on level 2 of the Abyss.
             The game lasted 00:20:51 (23091 turns).

LLlMATKO the Fighter (Minotaur Berserker)          Turns: 23091, Time: 00:20:53

Health: -18/113    AC: 26    Str: 22    XL:     12   Next: 91%
Magic:  11/11      EV: 11    Int:  4    God:    Trog [*****.]
Gold:   664        SH: 13    Dex: 15    Spells: 11/11 levels left

rFire    + . .     SeeInvis +   x - +1 war axe (elec)
rCold    + . .     Faith    .   O - +1 kite shield {AC+3}
rNeg     . . .     Spirit   .   J - +3 plate armour
rPois    .         Reflect  .   (helmet restricted)
rElec    .         Harm     .   z - scarf {rC+ rF+}
rCorr    .         Rampage  .   W - +2 pair of gloves
Will     .....                  Q - +0 pair of boots
Stlth    ..........             i - amulet of the acrobat
HPRegen  0.28/turn              N - +4 ring of slaying
MPRegen  0.12/turn              H - ring of see invisible

@: on berserk cooldown, slowed, very slow
A: horns 2, retaliatory headbutt
a: Renounce Religion, Berserk, Trog's Hand, Brothers in Arms


You were on level 2 of the Abyss.
You worshipped Trog.
Trog was extremely pleased with you.
You visited 1 branch of the dungeon, and saw 13 of its levels.
You visited the Abyss 1 time.

You collected 664 gold pieces.

Inventory:

Hand Weapons
 x - a +1 war axe of electrocution (weapon)
 F - a +5 dire flail of protection
 R - a +1 hand axe of venom
 S - a +0 hand axe of flaming
Missiles
 d - a throwing net
 p - 2 boomerangs of dispersal
 B - 35 poisoned darts (quivered)
 E - 5 boomerangs
 G - 7 javelins
 U - 12 bolts
Armour
 z - a scarf of resistance (worn)
 D - a +0 chain mail of fire resistance
 J - a +3 plate armour (worn)
 O - a +1 kite shield of protection (worn)
 Q - a +0 pair of boots (worn)
 W - a +2 pair of gloves (worn)
Jewellery
 a - a ring of resist corrosion
 i - an amulet of the acrobat (around neck)
 s - a ring of protection from fire
 H - a ring of see invisible (right hand)
 N - a +4 ring of slaying (left hand)
Wands
 o - a wand of flame (40)
 I - a wand of digging (7)
 L - a wand of iceblast (12)
 T - a wand of polymorph (12)
Scrolls
 c - 2 scrolls of noise {unknown}
 f - a scroll of torment {unknown}
 g - 6 scrolls of identify
 l - a scroll of magic mapping {unknown}
 m - 6 scrolls of immolation
 q - a scroll of amnesia {unknown}
 r - a scroll of summoning {unknown}
 t - a scroll of holy word {unknown}
 w - 2 scrolls of teleportation {unknown}
 y - 3 scrolls of blinking {unknown}
 C - 2 scrolls of enchant armour {unknown}
 M - 2 scrolls of acquirement {unknown}
Potions
 b - 3 potions of cancellation {unknown}
 e - 3 potions of magic {unknown}
 h - 2 potions of flight {unknown}
 j - 3 potions of curing {unknown}
 k - 6 potions of brilliance {unknown}
 n - 2 potions of lignification {unknown}
 u - a potion of ambrosia {unknown}
 v - 4 potions of heal wounds {unknown}
 A - 2 potions of haste {unknown}
 K - a potion of attraction {unknown}
 P - a potion of invisibility {unknown}
 V - a potion of degeneration {unknown}


   Skills:
 + Level 12.4 Fighting
 + Level 12.4 Maces & Flails
 + Level 12.1 Armour
 + Level 11.3 Dodging
 + Level 10.5 Shields


You had 11 spell levels left.
You didn't know any spells.
Your spell library was empty.

Dungeon Overview and Level Annotations

Branches:
Dungeon (13/15)            Temple (0/1) D:6            Lair (0/6) D:10
    Orc (0/2) D:9
 Vaults: D:13-14

Altars:
Ashenzari
Cheibriados
Okawaru
Qazlal
Uskayaw
Xom

Shops:
D:7 [


Innate Abilities, Weirdness & Mutations

You have a pair of horns on your head.
You reflexively headbutt those who attack you in melee.


Message History

* * * LOW HITPOINT WARNING * * *
You block the blink frog's attack. The blink frog closely misses you.
You block the blink frog's attack.
You slash the blink frog!
Lightning courses through the blink frog!
You headbutt the blink frog.
You kill the blink frog!
Trog accepts your kill.
You barely miss the blink frog.
The blink frog hits you but does no damage.
You block the blink frog's attack.
You slash the blink frog!
Lightning courses through the blink frog!
Your headbutt misses the blink frog.
The blink frog is severely wounded.
You closely miss the blink frog. You block the blink frog's attack.
The blink frog barely misses you. The blink frog hits you.
* * * LOW HITPOINT WARNING * * *
You block the blink frog's attack.
The blink frog hits you but does no damage.
The blink frog hits you!
* * * LOW HITPOINT WARNING * * *
The blink frog blinks!
You hit the blink frog. You block the blink frog's attack.
The blink frog hits you but does no damage.
The blink frog blinks!
The blink frog closely misses you.
Unknown command.
You slash the blink frog! You block the blink frog's attack.
The blizzard demon gestures at you. The bolt of cold hits you. You resist.
* * * LOW HITPOINT WARNING * * *
The blink frog hits you but does no damage.
You barely miss the blink frog.
The blink frog is moderately wounded.
The blink frog hits you but does no damage.
The blizzard demon gestures at you.
The bolt of lightning hits the blink frog!!!
The blink frog dies!
The bolt of lightning misses you. The bolt of lightning hits you!!
You die...

...### .
#..#. . #
.... . ...##
# . .
2...#.. . .
. ......# .
.#
####.#.#..#
...
#..@F...# ..
.
.#+####.#...
. # .. # #..
##.. # # ..
...# . ..
...# . #
.... .. . .
#.#. #.# .
....


You could see a blizzard demon and a blink frog.

Vanquished Creatures
  Fannar (D:11)
  4 two-headed ogres
  A death knight (D:11)
  3 tengu warriors
  Nergalle (D:10)
  Sonja (D:11)
  2 slime creatures (D:12)
  5 skeletal warriors (D:13)
  An obsidian statue (D:13)
  3 cyclopes
  An ugly thing (D:9)
  3 gargoyles
  A smoke demon (Abyss:2)
  4 komodo dragons
  2 unseen horrors
  3 kobold demonologists
  A yaktaur (shapeshifter) (Abyss:2)
  A tengu conjurer (D:11)
  2 trolls
  A blink frog (Abyss:2)
  A shadow (D:12)
  5 wyverns
  3 wraiths
  3 yaks (D:10)
  Grum (D:8)
  A basilisk (D:10)
  A golden eye (shapeshifter) (D:13)
  Menkaure (D:5)
  Edmund (D:6)
  3 acid dragons (D:10)
  A water moccasin (D:5)
  7 orc warriors
  2 necrophages
  An ice beast (D:7)
  2 wolves (D:7)
  2 ogres
  4 centaurs
  5 kobold brigands
  Blork the orc (D:5)
  4 scorpions
  A water moccasin skeleton (D:5)
  15 killer bees
  3 wights (D:8)
  5 howler monkeys
  6 starcursed masses (Abyss:2)
  2 centaur zombies
  2 jellies
  Crazy Yiuf (D:2)
  2 gnoll shamans
  8 orc priests
  5 hounds
  A centaur skeleton (D:6)
  4 iguanas
  9 orc wizards
  A hound skeleton (D:4)
  19 gnolls
  8 adders
  A shadow imp (D:5)
  3 ufetubi
  6 dart slugs
  3 worms (D:2)
  58 orcs
  6 endoplasms
  4 giant cockroaches
  5 goblins
  8 hobgoblins
  13 jackals (D:5)
  45 kobolds
  4 quokkas
  5 ball pythons
  5 bats
  4 frilled lizards
  A quokka skeleton (D:4)
  4 rats
357 creatures vanquished.

Vanquished Creatures (others)
  A blink frog (Abyss:2)
  An orc wizard (D:4)
  A kobold (D:9)
  23 plants
26 creatures vanquished.

Grand Total: 383 creatures vanquished

Notes
Turn   | Place    | Note
-------+----------+-------------------------------------------
     0 | D:1      | LLlMATKO the Minotaur Berserker began the quest for the
                  | Orb.
     0 | D:1      | Reached XP level 1. HP: 19/19 MP: 0/0
   257 | D:1      | Found a faded altar of an unknown god.
   257 | D:1      | You fall into a shaft and drop 1 floor!
   262 | D:2      | Reached XP level 2. HP: 24/27 MP: 1/1
   506 | D:1      | Reached XP level 3. HP: 33/33 MP: 2/2
   510 | D:1      | Reached ** piety under Trog
  1270 | D:1      | Found a faded altar of an unknown god.
  1631 | D:2      | Reached XP level 4. HP: 34/40 MP: 3/3
  1672 | D:2      | Found a shimmering altar of Xom.
  2298 | D:2      | Found a runed translucent door.
  2299 | D:2      | Noticed Crazy Yiuf
  2522 | D:2      | Killed Crazy Yiuf
  2691 | D:2      | Found a shimmering altar of Xom.
  3130 | D:3      | Reached XP level 5. HP: 44/47 MP: 4/4
  4637 | D:4      | Noticed an ogre
  4642 | D:4      | Killed an ogre
  4643 | D:4      | Reached skill level 5 in Fighting
  4643 | D:4      | Reached skill level 5 in Maces & Flails
  4643 | D:4      | Reached XP level 6. HP: 54/56 MP: 5/5
  5316 | D:4      | Reached *** piety under Trog
  5323 | D:4      | Reached XP level 7. HP: 38/62 MP: 6/6
  5348 | D:4      | Reached skill level 5 in Armour
  6326 | D:5      | Entered Level 5 of the Dungeon
  6357 | D:5      | Reached skill level 5 in Dodging
  6374 | D:5      | Noticed Blork the orc
  6379 | D:5      | Killed Blork the orc
  6677 | D:5      | Noticed Menkaure
  6680 | D:5      | Killed Menkaure
  6682 | D:5      | Reached XP level 8. HP: 70/71 MP: 7/7
  6728 | D:5      | Found a shimmering altar of Xom.
  7091 | D:5      | Found a snail-covered altar of Cheibriados.
  7432 | D:5      | Reached skill level 1 in Shields
  7640 | D:5      | Reached **** piety under Trog
  8402 | D:5      | Identified the +7 rapier of Havoc {venom, rN++ Str-3 Int-2
                  | Dex+3}
  8569 | D:5      | Found a snail-covered altar of Cheibriados.
  9073 | D:5      | Found a shimmering altar of Xom.
  9411 | D:6      | Noticed Edmund
  9426 | D:6      | Killed Edmund
  9665 | D:6      | Reached XP level 9. HP: 78/80 MP: 8/8
 10056 | D:6      | Found a staircase to the Ecumenical Temple.
 10683 | D:7      | Found Zeheg's Armour Shoppe.
 11067 | D:7      | Reached ***** piety under Trog
 11457 | D:7      | Found Zeheg's Armour Shoppe.
 11762 | D:8      | Noticed Grum
 11762 | D:8      | Noticed a tengu warrior
 11762 | D:8      | Noticed a tengu warrior
 11818 | D:7      | Killed a tengu warrior
 11819 | D:7      | Reached skill level 5 in Shields
 11819 | D:7      | Reached XP level 10. HP: 86/91 MP: 9/9
 11965 | D:7      | Killed a tengu warrior
 12017 | D:8      | Killed Grum
 13348 | D:9      | Noticed a purple ugly thing
 13359 | D:9      | Killed a purple ugly thing
 13398 | D:9      | Noticed a sun demon
 13508 | D:9      | Noticed a cyclops
 13529 | D:9      | Killed a cyclops
 13664 | D:9      | Reached skill level 10 in Maces & Flails
 13665 | D:9      | Found a staircase to the Orcish Mines.
 13668 | D:9      | Reached skill level 10 in Fighting
 14399 | D:9      | Found a staircase to the Orcish Mines.
 14609 | D:10     | Entered Level 10 of the Dungeon
 14649 | D:10     | Noticed a two-headed ogre
 14684 | D:10     | Killed a two-headed ogre
 14691 | D:10     | Reached XP level 11. HP: 51/99 MP: 10/10
 15313 | D:10     | Reached skill level 10 in Armour
 15531 | D:10     | Found a stormy altar of Qazlal.
 15531 | D:10     | Found a broken altar of Ashenzari.
 15531 | D:10     | Noticed Nergalle
 15541 | D:10     | Killed Nergalle
 16020 | D:10     | Noticed a two-headed ogre
 16107 | D:10     | Killed a two-headed ogre
 16260 | D:10     | Found an iron altar of Okawaru.
 16279 | D:10     | Found a hide-covered altar of Uskayaw.
 16812 | D:10     | Found a staircase to the Lair.
 17012 | D:10     | Found an iron altar of Okawaru.
 17072 | D:10     | Found a hide-covered altar of Uskayaw.
 17440 | D:10     | Found a stormy altar of Qazlal.
 17440 | D:10     | Found a broken altar of Ashenzari.
 17761 | D:11     | Noticed a two-headed ogre
 17765 | D:11     | Noticed a death knight
 17771 | D:11     | Killed a two-headed ogre
 18021 | D:11     | Killed a death knight
 18022 | D:11     | Reached skill level 10 in Dodging
 18448 | D:11     | Noticed a tengu warrior
 18460 | D:11     | Killed a tengu warrior
 18710 | D:11     | Noticed Fannar
 18732 | D:11     | Killed Fannar
 18733 | D:11     | Reached XP level 12. HP: 110/110 MP: 11/11
 19378 | D:11     | Noticed Sonja
 19390 | D:11     | Killed Sonja
 21114 | D:12     | Received a gift from Trog
 22472 | D:13     | Noticed a two-headed ogre
 22480 | D:13     | Killed a two-headed ogre
 22490 | D:13     | Reached skill level 10 in Shields
 22927 | D:13     | Noticed a two-headed ogre
 22927 | D:13     | Noticed a catoblepas
 22928 | D:13     | Cast into level 2 of the Abyss (a wizard)
 22994 | Abyss:2  | Noticed a blizzard demon
 23053 | Abyss:2  | Noticed a starcursed mass
 23080 | Abyss:2  | Killed a starcursed mass
 23091 | Abyss:2  | Killed from afar by a blizzard demon

Illustrated notes

Levels and vault maps discovered:
D:1:      matt_arrival_spirals, layout_basic, basic_ecumenical_altar,
          minmay_tree_intersection
D:2:      layout_loops_ring, basic_altar, uniq_crazy_yiuf_cottage
D:3:      layout_basic, st_stairs_8, minmay_misc_feat_encased,
          kennysheep_pointless_box
D:4:      layout_loops_ring
D:5:      lemuel_castle_with_subvaults [lemuel_castle_interior_carwin_3],
          layout_gridville, cheibriados_altar_1,
          mainiacjoe_overflow_concentric_impassable, nicolae_sextant,
          uniq_blork_the_orc, uniq_menkaure
D:6:      kennysheep_kobold_camp, layout_basic, minmay_temple_entry_hall,
          uniq_edmund
D:7:      layout_rooms, serial_shops, shop
D:8:      layout_loops_ring, uniq_grum
D:9:      layout_loops_ring, david_orc_2
D:10:     layout_loops_ring, mainiacjoe_overflow_tiny_flanked,
          mainiacjoe_overflow_alcove_1, gammafunk_temple_overflow_wave,
          erik_lair_dragon, minmay_fractal_squares_5, uniq_nergalle
D:11:     layout_basic, serial_park_tiny_1, uniq_fannar, uniq_sonja
D:12:     layout_basic
D:13:     layout_basic, david_vaults_1, minivault_16, trog_three_pillars_becter,
          uniq_maurice
Abyss:2:  base: D:8, evilmike_abyss_exit_chaos

Skill      XL: |  1  2  3  4  5  6  7  8  9 10 11 12 |
---------------+-------------------------------------+-----
Maces & Flails | 4 5 6 7 9 10 11 12 | 12.4
Fighting       | 4 5 6 7 9 10 11 12 | 12.4
Armour         | 3 4 6 7 8 9 11 12 | 12.1
Dodging        | 3 4 5 6 7 9 10 11 | 11.3
Shields        | 3 5 7 9 10 | 10.5

Action                   |  1- 3 |  4- 6 |  7- 9 | 10-12 || total
-------------------------+-------+-------+-------+-------++-------
Melee: Mace              |    47 |   166 |     3 |       ||   216
       Headbutt          |     5 |    31 |    42 |    90 ||   168
       War axe           |       |       |   248 |   369 ||   617
Throw: Dart              |       |       |       |    30 ||    30
Invok: Berserk           |       |     2 |     7 |    15 ||    24
  Use: Scroll            |       |       |       |     1 ||     1
Armor: Animal skin       |     4 |       |       |       ||     4
       Chain mail        |    13 |    90 |   117 |       ||   220
       Plate armour      |       |       |    25 |   166 ||   191
Dodge: Dodged            |    30 |    80 |   168 |   143 ||   421
Block: Buckler           |       |       |    68 |     9 ||    77
       Kite shield       |       |       |       |   242 ||   242
